 Dungeon Crawl Stone Soup version 0.28.0-53-g5a82cb258f (webtiles) character file.

Game seed: 7811356481417311662

28 Sin92 the Digger (level 3, -1/25 HPs)
             Began as a Demonspawn Earth Elementalist on July 7, 2022.
             Succumbed to an adder's poison
             ... on level 1 of the Dungeon.
             The game lasted 00:03:47 (1336 turns).

Sin92 the Digger (Demonspawn Earth Elementalist)    Turns: 1336, Time: 00:03:47

Health: -1/25      AC:  8    Str: 10    XL:     3   Next: 0%
Magic:  6/6        EV: 12    Int: 16    God:
Gold:   52         SH:  0    Dex: 13    Spells: 5/6 levels left

rFire   . . .      SeeInvis .   d - +0 club
rCold   . . .      Faith    .   (no shield)
rNeg    . . .      Spirit   .   b - +1 robe
rPois   .          Reflect  .   e - +2 helmet
rElec   .          Harm     .   (no cloak)
rCorr   .          Rampage  .   (no gloves)
Will    .....                   (no boots)
Stlth   ++........              (no amulet)
HPRegen 0.08/turn               (no ring)
MPRegen 0.10/turn               (no ring)

@: lethally poisoned (-1 -> -8)
A: icy blue scales 1, powered by pain 1
a: no special abilities


You were on level 1 of the Dungeon.
You visited 1 branch of the dungeon, and saw 2 of its levels.

You collected 52 gold pieces.

Inventory:

Hand Weapons
 d - a +0 club (weapon)
Armour
 b - a +1 robe (worn)
 e - a +2 helmet (worn)
Scrolls
 i - a scroll of immolation
Potions
 f - a potion of flight {unknown}
 g - 2 potions of brilliance {unknown}
 h - a potion of attraction {unknown}


   Skills:
 + Level 0.6 Fighting
 + Level 0.6 Maces & Flails
 + Level 0.7 Armour
 + Level 2.0 Dodging
 - Level 1.7 Stealth
 + Level 2.1 Spellcasting
 + Level 1.2 Transmutations
 + Level 2.8 Earth Magic


You had 5 spell levels left.
You knew the following spells:

 Your Spells              Type           Power      Damage    Failure   Level
a - Sandblast             Erth           20%        2d7       6%          1

Your spell library contained the following spells:

 Spells                   Type           Power      Damage    Failure   Level
 Passwall                 Tmut/Erth      6%         N/A       13%         2
 Stone Arrow              Conj/Erth      12%        3d7       34%         3
 Petrify                  Tmut/Erth      8%         N/A       65%         4


Dungeon Overview and Level Annotations

Branches:
Dungeon (2/15)

Altars:


Innate Abilities, Weirdness & Mutations

You are partially covered in icy blue scales. (AC +2)
You sometimes gain a little power by taking damage.


Message History

The adder is moderately wounded.
The adder bites you.
You closely miss the adder.
The adder is moderately wounded.
The adder bites you. The adder closely misses you.
You barely miss the adder.
The adder is moderately wounded.
The adder barely misses you. The adder completely misses you.
You hit the adder but do no damage.
The adder is moderately wounded.
The adder barely misses you.
You closely miss the adder.
The adder is moderately wounded.
The adder bites you but does no damage. The adder closely misses you.
You aren't carrying any pieces of jewellery.
As you read the scroll labelled RYUKUO CUT AKY, it crumbles to dust.
You feel momentarily disoriented.
It was a scroll of magic mapping.
The adder bites you.
You are poisoned.
The adder poisons you!
As you read the scroll labelled DAUPLO XOLL, it crumbles to dust.
The creatures around you are filled with an inner flame!
It was a scroll of immolation.
You feel sick. The adder barely misses you.
The adder bites you but does no damage.
As you read the scroll labelled WINGUL TAXKU, it crumbles to dust.
You feel strangely unstable.
It was a scroll of teleportation.
You feel sick. The adder bites you.
* * * LOW HITPOINT WARNING * * *
You are lethally poisoned!
The adder poisons you!
Unknown command.
As you read the scroll labelled ZOL OSEJADICISO, it crumbles to dust.
It is a scroll of enchant armour.
Your +0 robe glows green for a moment.
* * * LOW HITPOINT WARNING * * *
You feel sick. The adder closely misses you.
* * * LOW HITPOINT WARNING * * *
You feel sick.
Your surroundings suddenly seem different.
You die...

##### #.....### #...#
##.###.### ############...#
###..###...# #.........##...#
##...........
#.........##...####..#.######..
#.........###.......##.##......
#....>........#######..##.####.
#.........###..# ##.........#.
#.........####@####..#..>....#.
#..........###...............#.
#...................#........#.
#############................#.
#.................#.
#.................##
#..........#####.##
#####..........### #.#
#................# #.###


There were no monsters in sight!

Vanquished Creatures
  A dart slug (D:1)
  3 ball pythons (D:1)
  3 endoplasms (D:1)
  A giant cockroach (D:1)
  A goblin (D:1)
  6 jackals
  3 bats (D:1)
  2 frilled lizards
  2 kobolds (D:1)
  2 rats (D:1)
24 creatures vanquished.

Notes
Turn   | Place    | Note
-------+----------+-------------------------------------------
     0 | D:1      | Sin92 the Demonspawn Earth Elementalist began the quest for
                  | the Orb.
     0 | D:1      | Reached XP level 1. HP: 13/13 MP: 3/3
   259 | D:1      | Reached skill level 1 in Transmutations
   318 | D:1      | Gained mutation: You are partially covered in icy blue
                  | scales. (AC +2) [demonic ancestry]
   318 | D:1      | Reached XP level 2. HP: 19/19 MP: 1/5
   899 | D:1      | Found a faded altar of an unknown god.
  1311 | D:2      | Gained mutation: You sometimes gain a little power by
                  | taking damage. [demonic ancestry]
  1311 | D:2      | Reached XP level 3. HP: 24/25 MP: 6/6
  1335 | D:1      | HP: 1/25 [poisoned by an adder]
  1336 | D:1      | Succumbed to an adder's poison

Illustrated notes

Levels and vault maps discovered:
D:1:      roderic_dead_forest, layout_rooms,
          shapermc_ecumenical_altar_mp_vishouse
D:2:      layout_basic, minmay_split_cup_small, uniq_robin

Skill      XL: |  1  2 |
---------------+-------+-----
Transmutations | 1 |  1.2
Dodging        | 2 |  2.0
Fighting       | |  0.6
Maces & Flails | |  0.6
Armour         | |  0.7
Stealth        | |  1.7
Spellcasting   | |  2.1
Earth Magic    | |  2.8

Action                   || total
-------------------------++-------
Melee: Club              ||    64
 Cast: Sandblast         ||    30
  Use: Scroll            ||     4
Armor: Robe              ||    49
Dodge: Dodged            ||    83
